AoeStats
← RR.Tecato

Arena

510169036Analyzed
3v3 RM · 1d ago on Sep 29, 2026· 30m 3s· 6 players
Game mode
Random Map
Map size
Normal (6 player)
Population
200
Speed
Normal
Resources
Standard
Victory
Conquest
Starting age
Dark Age
Ending age
Imperial Age
RankedLock teamsTeams togetherTeam positionsShared explorationLock speedFull tech treeHidden civsTurbo modeCheats
Victory
Defeat
🇲🇽 Khmer · Mexico
1142
+14
🇦🇷 Franks · Argentina
1118
+15
🇦🇷 Poles · Argentina
1089
+17
🇲🇽 Berbers · Mexico
1214
-20
🇲🇽 Varangians · Mexico
1101
-15
🇲🇽 Japanese · Mexico
1004
-11
RR.Gohan
10:24 Feudal Age
11:46 Loom
15:01 Castle Age
13:25 Double-Bit Axe
17:28 Gold Mining
28:33 Imperial Age
28:04 Bow Saw
RR.Ricky
11:14 Feudal Age
12:35 Double-Bit Axe
12:34 Horse Collar
19:44 Castle Age
19:14 Scale Mail Armor
19:24 Forging
RR.Tecato
10:29 Feudal Age
14:12 Castle Age
12:49 Double-Bit Axe
12:57 Horse Collar
23:17 Loom
24:08 Wheelbarrow
23:18 Town Watch
24:13 Wheelbarrow
23:23 Town Watch
24:20 Husbandry
24:56 Bow Saw
25:13 Gold Mining
25:26 Heavy Plow
27:14 Town Patrol
28:12 Hand Cart
28:24 Hand Cart
32:42 Imperial Age
29:39 Light Cavalry
30:30 Bloodlines
SoyRock
10:44 Feudal Age
11:44 Double-Bit Axe
13:51 Stone Mining
14:52 Loom
17:21 Castle Age
17:40 Gold Mining
18:42 Bow Saw
18:53 Fletching
20:48 Gold Shaft Mining
22:11 Bodkin Arrow
tony halcon
11:10 Feudal Age
11:54 Double-Bit Axe
11:57 Horse Collar
15:39 Castle Age
15:29 Scale Barding Armor
15:36 Forging
15:48 Bloodlines
17:00 Bow Saw
17:15 Loom
17:14 Light Cavalry
22:00 Husbandry
29:15 Iron Casting
31:02 Chain Barding Armor
Cid Hitokiri
13:28 Feudal Age
17:12 Castle Age
15:15 Double-Bit Axe
15:12 Horse Collar
15:44 Gold Mining
20:55 Imperial Age
21:15 Fletching
23:15 Forging
25:14 Conscription
28:36 Scale Barding Armor
28:45 Bloodlines
Connection lost

Rejoining the realm…

Still unreachable

The connection could not be restored.

Session expired

The server has moved on; the page needs a fresh start.